 Dungeon Crawl Stone Soup version 0.29-a0-613-gf2c431b9b9 (webtiles) character file.

Game seed: 11183820635148264480

1353 moldycheese5 the Twirler (level 8, -2/61 HPs)
             Began as a Demonspawn Abyssal Knight on June 16, 2022.
             Was a High Priest of Lugonu.
             Slain by a lemure (4 damage)
             ... led by Pikel
             ... on level 5 of the Dungeon.
             The game lasted 00:20:12 (6130 turns).

moldycheese5 the Twirler (DsAK)                     Turns: 6130, Time: 00:20:13

Health: -2/61      AC: 13    Str: 15    XL:     8   Next: 37%
Magic:  3/3        EV: 23    Int: 12    God:    Lugonu [*****.]
Gold:   189        SH:  0    Dex: 18    Spells: 7/7 levels left

rFire   . . .      SeeInvis .   k - +4 quarterstaff (antimagic)
rCold   . . .      Faith    .   (shield currently unavailable)
rNeg    . . .      Spirit   .   t - +1 chain mail
rPois   .          Reflect  .   l - +2 hat
rElec   .          Harm     .   (no cloak)
rCorr   .          Rampage  .   m - +0 pair of gloves
Will    .....                   (no boots)
Stlth   +.........              c - amulet of the acrobat
HPRegen 0.20/turn               (no ring)
MPRegen 0.08/turn               (no ring)

@: acrobatic
A: thin skeletal structure 2, demonic magic 1, weakness stinger 2
a: Renounce Religion, Depart the Abyss, Bend Space, Banish, Corrupt, Enter the
Abyss


You were on level 5 of the Dungeon.
You worshipped Lugonu.
Lugonu was extremely pleased with you.
You visited 1 branch of the dungeon, and saw 6 of its levels.
You visited the Abyss 1 time.
You also visited: Sewer.

You collected 327 gold pieces.
You spent 138 gold pieces at shops.

Inventory:

Hand Weapons
 a - a +1 falchion
 k - a +4 antimagic quarterstaff (weapon)
Armour
 b - a +0 leather armour
 l - a +2 hat (worn)
 m - a +0 pair of gloves (worn)
 t - a +1 chain mail (worn)
Jewellery
 c - an amulet of the acrobat (around neck)
 y - a +4 ring of evasion
Scrolls
 f - 2 scrolls of fog
 g - 2 scrolls of enchant weapon {unknown}
 h - 3 scrolls of teleportation {unknown}
 o - a scroll of brand weapon {unknown}
 p - a scroll of poison {unknown}
 r - a scroll of fear {unknown}
 s - 2 scrolls of immolation {unknown}
 u - 3 scrolls of identify
 x - 2 scrolls of magic mapping {unknown}
 z - a scroll of torment {unknown}
Potions
 d - a potion of berserk rage {unknown}
 e - 2 potions of haste {unknown}
 i - 2 potions of curing
 j - 2 potions of magic {unknown}
 n - 2 potions of heal wounds {unknown}
 q - 2 potions of lignification {unknown}
 v - 4 potions of flight
 w - 3 potions of brilliance {unknown}


   Skills:
 + Level 4.9 Fighting
 + Level 2.7 Long Blades
 + Level 5.8 Staves
 + Level 4.7 Armour
 + Level 3.3 Dodging
 + Level 1.3 Stealth
 + Level 2.8 Invocations


You had 7 spell levels left.
You didn't know any spells.
Your spell library contained the following spells:

 Spells                   Type           Power      Damage    Failure   Level
 Apportation              Tloc           0%         N/A       99%         1
 Poisonous Vapours        Pois/Air       0%         N/A       100%        2
 Alistair's Intoxication  Tmut/Pois      0%         N/A       100%        5


Dungeon Overview and Level Annotations

Branches:
Dungeon (6/15)             Temple (0/1) D:6           Sewer (visited)

Altars:
Ashenzari
Ru
Trog
Uskayaw

Shops:
D:2 ?   D:5 (

Annotations:
D:6 Pikel


Innate Abilities, Weirdness & Mutations

You have a moderately thin skeletal structure. (Dex +4, Stealth++)
Spells you cast may paralyse adjacent enemies.
You have a tail ending in a sharp stinger.


Message History

The lemure attacks as you move away! The lemure completely misses you.
The scorpion attacks as you move away! The scorpion stings you.
* * * LOW HITPOINT WARNING * * *
The scorpion attacks as you move away! The scorpion closely misses you.
The lemure misses you. The lemure attacks as you move away!
The lemure misses you. The scorpion attacks as you move away!
The scorpion misses you. The lemure attacks as you move away!
The lemure misses you.
The scorpion stings you but does no damage.
You hit the scorpion.
The scorpion is moderately wounded.
The scorpion stings you but does no damage.
The lemure hits you but does no damage.
You hit the scorpion but do no damage.
The scorpion is moderately wounded.
The scorpion stings you but does no damage.
The lemure barely misses you.
You barely miss the scorpion.
Your tail-slap misses the scorpion.
The scorpion is moderately wounded.
The scorpion stings you but does no damage.
The lemure barely misses you.
You hit the scorpion.
The scorpion is moderately wounded.
The scorpion stings you but does no damage.
The lemure barely misses you.
The scorpion stings you but does no damage.
You hit the scorpion. You tail-slap the scorpion.
The scorpion is severely wounded.
The scorpion stings you but does no damage.
The lemure hits you.
* * * LOW HITPOINT WARNING * * *
You sock the scorpion!
You kill the scorpion!
Lugonu accepts your kill. The lemure hits you.
* * * LOW HITPOINT WARNING * * *
The lemure barely misses you.
You see here a scorpion corpse.
The lemure hits you.
You die...

.........### ##....##
...........#### #...######
...........##.## #...###..#
......#........####..#....#
...............#.#........#
..........#..............##
.##.......#..#..........##
.#.........#.###..###..##
....#........##.@.##...#
##..##..##.#.###†5....##
.........###.# #......##
.........#.#.###.......#
.....(........#........#
##...............#....##
##...............#...##
........##>.........##
....................#


You could see a lemure.

Vanquished Creatures
  A steam dragon (D:5)
  An ice beast (D:5)
  2 black bears (D:4)
  An ogre (D:5)
  A lemure (D:6)
  Blork the orc (D:5)
  2 necrophages
  4 scorpions
  2 hounds
  2 jellies (Sewer)
  An iguana (D:5)
  An orc wizard (D:3)
  A howler monkey skeleton (D:2)
  7 adders
  7 gnolls
  A white imp (D:5)
  3 ufetubi
  A worm (D:2)
  2 dart slugs
  6 orcs
  A bat skeleton (D:2)
  19 endoplasms
  8 giant cockroaches
  9 goblins
  6 hobgoblins
  4 jackals
  4 quokkas
  11 ball pythons
  3 bats
  3 frilled lizards (Sewer)
  5 kobolds
  7 rats
127 creatures vanquished.

Vanquished Creatures (others)
  2 withered plants (D:2)
2 creatures vanquished.

Grand Total: 129 creatures vanquished

Notes
Turn   | Place    | Note
-------+----------+-------------------------------------------
     0 | Abyss:1  | moldycheese5 the Demonspawn Abyssal Knight began the quest
                  | for the Orb.
     0 | Abyss:1  | Reached XP level 1. HP: 18/18 MP: 2/2
     8 | Abyss:1  | Found a corrupted altar of Lugonu.
    65 | D:1      | Escaped the Abyss
   457 | D:1      | Gained mutation: You have a small tail. [demonic ancestry]
   457 | D:1      | Reached XP level 2. HP: 24/24 MP: 3/3
   480 | D:1      | Reached skill level 1 in Dodging
   590 | D:1      | Got the Grimoire of the Nocuous Voyage
   763 | D:1      | Reached *** piety under Lugonu
   836 | D:1      | Gained mutation: Spells you cast may paralyse adjacent
                  | enemies. [demonic ancestry]
   836 | D:1      | Reached XP level 3. HP: 29/29 MP: 5/5
  1397 | D:2      | Found Couklu Ruesh's Magic Scroll Emporium.
  1407 | D:2      | Bought a scroll of enchant armour for 90 gold pieces
  1407 | D:2      | Bought a scroll of identify for 24 gold pieces
  1423 | D:2      | Found a faded altar of an unknown god.
  1854 | D:3      | Gained mutation: You have a somewhat thin skeletal
                  | structure. (Dex +2, Stealth+) [demonic ancestry]
  1854 | D:3      | Reached XP level 4. HP: 35/35 MP: 2/6
  2041 | D:3      | Reached skill level 1 in Staves
  2613 | D:2      | Bought a scroll of identify for 24 gold pieces
  2676 | D:3      | Reached XP level 5. HP: 37/42 MP: 2/7
  3185 | D:4      | Reached skill level 2 in Staves
  3364 | D:4      | Reached skill level 1 in Stealth
  3364 | D:4      | Gained mutation: You have a tail ending in a sharp stinger.
                  | [demonic ancestry]
  3364 | D:4      | Reached XP level 6. HP: 27/48 MP: 2/8
  3770 | D:4      | Reached **** piety under Lugonu
  3908 | D:4      | Reached skill level 3 in Staves
  4116 | D:4      | Reached XP level 7. HP: 43/55 MP: 3/9
  4212 | D:4      | Found a sacrificial altar of Ru.
  4281 | D:5      | Entered Level 5 of the Dungeon
  4302 | D:5      | Found a glowing drain.
  4375 | Sewer    | Entered a sewer
  4552 | Sewer    | Reached skill level 4 in Staves
  4816 | Sewer    | Found a viscous altar of Jiyva.
  4900 | D:5      | Found Xolul's Weapon Emporium.
  5318 | D:5      | Noticed a steam dragon
  5331 | D:5      | Gained mutation: You have a moderately thin skeletal
                  | structure. (Dex +4, Stealth++) [demonic ancestry]
  5331 | D:5      | Reached XP level 8. HP: 26/61 MP: 3/10
  5336 | D:5      | Reached skill level 5 in Staves
  5649 | D:5      | Noticed Blork the orc
  5659 | D:5      | Killed Blork the orc
  5965 | D:5      | Found a broken altar of Ashenzari.
  5971 | D:5      | Found a bloodstained altar of Trog.
  5975 | D:5      | Found a hide-covered altar of Uskayaw.
  6082 | D:6      | Found a staircase to the Ecumenical Temple.
  6082 | D:6      | Noticed Pikel
  6085 | D:6      | Reached ***** piety under Lugonu
  6128 | D:5      | HP: 2/61 [lemure[Pikel] (2)]
  6130 | D:5      | Slain by a lemure

Illustrated notes

Levels and vault maps discovered:
D:1:      sevenhm_arrival_forest_fort_small_6, layout_rooms, minmay_nonomino_d4
D:2:      layout_basic, hellmonk_ecumenical_altar_leap_of_faith, serial_undead,
          serial_undead_e, serial_undead_c, serial_undead_e, serial_undead_f,
          serial_shops, nicolae_shop_temple_entry_statues_fountains
D:3:      layout_basic, nicolae_underground_beach
D:4:      layout_basic, kennysheep_mini
D:5:      layout_cave_pools, minmay_overflow_temple_star_quad, serial_shops,
          shop, portal_sewer_entry_f, wad_rectangle_vault, uniq_blork_the_orc
D:6:      layout_rooms, nicolae_sif_muna_little_library, kennysheep_ying_yang,
          minmay_temple_entry_slanted, grunt_ministairs_7,
          serial_park_tiny_pond, uniq_pikel

Skill      XL: |  1  2  3  4  5  6  7  8 |
---------------+-------------------------+-----
Armour         | 2 3 4 |  4.7
Long Blades    | 2 |  2.7
Dodging        | 1 2 3 |  3.3
Staves         | 1 2 3 4 5 |  5.8
Fighting       | 4 |  4.9
Stealth        | 1 |  1.3
Invocations    | |  2.8

Action                   |  1- 3 |  4- 6 |  7- 9 || total
-------------------------+-------+-------+-------++-------
Melee: Falchion          |    76 |       |       ||    76
       Tailslap          |     6 |    17 |    16 ||    39
       Quarterstaff      |    33 |    89 |   212 ||   334
Invok: Bend Space        |     1 |       |       ||     1
  Use: Scroll            |     1 |       |     3 ||     4
       Potion            |       |       |     1 ||     1
 Stab: Sleeping          |       |     1 |       ||     1
Armor: Leather armour    |    36 |     6 |       ||    42
       Chain mail        |       |    76 |   171 ||   247
Dodge: Dodged            |    86 |    85 |   122 ||   293

Table legend: (Time is in decaauts)
 A = Elapsed time spent in this place.
 B = Non-inter-level travel time spent in this place.
 C = Inter-level travel time spent in this place.
 D = Time resting spent in this place.
 E = Time spent auto-exploring this place.
 F = Levels seen in this place.
 G = Mean time per level.
                   A        B        C        D        E       F      G
               +--------+--------+--------+--------+--------+-----+--------+
         Total |   6221 |   5854 |    367 |   1267 |   3489 |   8 |  777.6 |
       Dungeon |   5605 |   5238 |    367 |   1185 |   3189 |   6 |  934.2 |
         Abyss |     66 |     66 |      0 |      0 |     61 |   1 |   66.0 |
         Sewer |    549 |    549 |      0 |     82 |    237 |   1 |  549.0 |
               +--------+--------+--------+--------+--------+-----+--------+

Top non-repeatable levels by time:
     D:5: 1264 daAuts
     D:4: 1116 daAuts
     D:3: 1052 daAuts
     D:1: 1048 daAuts
     D:2: 1043 daAuts
   Sewer: 549 daAuts
     D:6: 81 daAuts
 Abyss:1: 66 daAuts
